SAA
VIRGINIA BEACH WHALES @ IRVING BLUE SOX
08/24/2041
 
TOP OF THE 1ST
Virginia Beach Whales batting - Pitching for Irving Blue Sox : LHP George Battle
Pitching: LHP George Battle
Batting: RHB Óscar Cardozo 0-0: Ball
1-0: Foul Ball, location: 2F
1-1: Ball
2-1: Foul Ball, location: 2F
2-2: Strikes out swinging
Batting: RHB Juan Oleastro 0-0: Ball
1-0: Ball
2-0: Called Strike
2-1: Ball
3-1: Ground out 6-3 (Groundball, 6, EV 109.4 MPH)
Batting: RHB Doug Chapman 0-0: Called Strike
0-1: Foul Ball, location: 2F
0-2: Foul Ball, location: 2F
0-2: Ball
1-2: Ball
2-2: Ground out 6-3 (Groundball, 6, EV 101.9 MPH)
Top of the 1st over - 0 runs, 0 hits, 0 errors, 0 left on base; Virginia Beach 0 - Irving 0
BOTTOM OF THE 1ST
Irving Blue Sox batting - Pitching for Virginia Beach Whales : LHP Sylvain Richard
Pitching: LHP Sylvain Richard
Batting: SHB Ignacio Cabrera 0-0: Ball
1-0: Foul Ball, location: 2F
1-1: Ball
2-1: Called Strike
2-2: Strikes out looking
Batting: LHB Daniel Page 0-0: Foul Ball, location: 2F
0-1: Called Strike
0-2: Ball
1-2: Foul Ball, location: 2F
1-2: SINGLE (Line Drive, 6M, EV 102.5 MPH)
Batting: RHB Omar Luoa 0-0: Called Strike
0-1: Ball
1-1: Foul Ball, location: 2F
1-2: Hit by Pitch
Daniel Page to second
Batting: RHB Nick McGhee 0-0: Ball
1-0: Ball
2-0: Ball
3-0: Base on Balls
Daniel Page to third
Omar Luoa to second
Batting: RHB Rubén Plumey 0-0: Ball
1-0: Called Strike
1-1: Called Strike
1-2: Ball
2-2: Strikes out looking
Batting: RHB Martín Muńóz 0-0: Ball
1-0: Swinging Strike
1-1: Foul Ball, location: 2F
1-2: Foul Ball, location: 2F
1-2: Fielders Choice at 2nd, 6-4 (Groundball, 6, EV 88.8 MPH)
Bottom of the 1st over - 0 runs, 1 hit, 0 errors, 3 left on base; Virginia Beach 0 - Irving 0
TOP OF THE 2ND
Virginia Beach Whales batting - Pitching for Irving Blue Sox : LHP George Battle
Batting: RHB Pat Geldart 0-0: Ball
1-0: Foul Ball, location: 2F
1-1: Ball
2-1: Ball
3-1: Foul Ball, location: 2F
3-2: Foul Ball, location: 2F
3-2: Foul Ball, location: 2F
3-2: Ground out 6-3 (Groundball, 6, EV 101.9 MPH)
Batting: RHB Dave Thomas 0-0: Ball
1-0: Called Strike
1-1: Ball
2-1: Ball
3-1: Base on Balls
Batting: RHB Paul Pitts 0-0: Ball
Dave Thomas steals 2nd base
1-0: Ground out 1-3 (Groundball, 34S, EV 65.0 MPH)
Dave Thomas to third
Batting: LHB Keith Pick 0-0: Foul Ball, location: 2F
0-1: Ground out 4-3 (Groundball, 4M, EV 86.2 MPH)
Top of the 2nd over - 0 runs, 0 hits, 0 errors, 1 left on base; Virginia Beach 0 - Irving 0
BOTTOM OF THE 2ND
Irving Blue Sox batting - Pitching for Virginia Beach Whales : LHP Sylvain Richard
Batting: RHB Gabriel De La Garza 0-0: Swinging Strike
0-1: Foul Ball, location: 2F
0-2: Fly out, F9 (Line Drive, 9D, EV 91.9 MPH)
Batting: SHB Govaart Baars 0-0: Foul Ball, location: 2F
0-1: Called Strike
0-2: Ball
1-2: Foul Ball, location: 2F
1-2: Fly out, F9 (Flyball, 9S, EV 80.0 MPH)
Batting: RHB Thomas Flyer 0-0: Ground out 2-3 (Groundball, 2L, EV 67.5 MPH)
Bottom of the 2nd over - 0 runs, 0 hits, 0 errors, 0 left on base; Virginia Beach 0 - Irving 0
TOP OF THE 3RD
Virginia Beach Whales batting - Pitching for Irving Blue Sox : LHP George Battle
Batting: LHB Henry Head 0-0: Called Strike
0-1: Ground out 6-3 (Groundball, 56, EV 91.9 MPH)
Batting: RHB Lloyd van Grootveld 0-0: Ground out 5-3 (Groundball, 56S, EV 67.5 MPH)
Batting: RHB Óscar Cardozo 0-0: Ball
1-0: Called Strike
1-1: Foul Ball, location: 2F
1-2: Ball
2-2: Fly out, F8 (Flyball, 8LD, EV 95.0 MPH)
Top of the 3rd over - 0 runs, 0 hits, 0 errors, 0 left on base; Virginia Beach 0 - Irving 0
BOTTOM OF THE 3RD
Irving Blue Sox batting - Pitching for Virginia Beach Whales : LHP Sylvain Richard
Batting: SHB Ignacio Cabrera 0-0: Ball
1-0: Called Strike
1-1: Ball
2-1: Called Strike
2-2: Ball
3-2: Foul Ball, location: 2F
3-2: Base on Balls
Batting: LHB Daniel Page 0-0: Swinging Strike
0-1: Called Strike
Ignacio Cabrera steals 2nd base
0-2: Strikes out looking
Batting: RHB Omar Luoa 0-0: Ball
1-0: Ball
2-0: Ground out 5-3 (Groundball, 5L, EV 91.9 MPH)
Batting: RHB Nick McGhee 0-0: Called Strike
0-1: Ball
1-1: Swinging Strike
1-2: Ball
2-2: Foul Ball, location: 2F
2-2: Foul Ball, location: 2F
2-2: Fly out, F9 (Line Drive, 9S, EV 103.1 MPH)
Bottom of the 3rd over - 0 runs, 0 hits, 0 errors, 1 left on base; Virginia Beach 0 - Irving 0
TOP OF THE 4TH
Virginia Beach Whales batting - Pitching for Irving Blue Sox : LHP George Battle
Batting: RHB Juan Oleastro 0-0: Ball
1-0: Ball
2-0: SINGLE (Flyball, 89M, EV 86.9 MPH)
Batting: RHB Doug Chapman 0-0: Ball
1-0: Fly out, F8 (Flyball, 89D, EV 93.1 MPH)
Batting: RHB Pat Geldart 0-0: Ball
1-0: Swinging Strike
1-1: Swinging Strike
1-2: Ball
2-2: Foul Ball, location: 2F
2-2: Foul Ball, location: 2F
2-2: Grounds into double play, 4-6-3 (Groundball, 4, EV 85.0 MPH)
Top of the 4th over - 0 runs, 1 hit, 0 errors, 0 left on base; Virginia Beach 0 - Irving 0
BOTTOM OF THE 4TH
Irving Blue Sox batting - Pitching for Virginia Beach Whales : LHP Sylvain Richard
Batting: RHB Rubén Plumey 0-0: Foul Ball, location: 2F
0-1: Foul Ball, location: 2F
0-2: Ground out 4-3 (Groundball, 4, EV 106.9 MPH)
Batting: RHB Martín Muńóz 0-0: Called Strike
0-1: Fly out, F5 (Line Drive, 5, EV 70.0 MPH)
Batting: RHB Gabriel De La Garza 0-0: Called Strike
0-1: Foul Ball, location: 2F
0-2: TRIPLE (Flyball, 89XD, EV 90.6 MPH)
Batting: SHB Govaart Baars 0-0: Foul Ball, location: 2F
0-1: Called Strike
0-2: Foul Ball, location: 2F
0-2: Ball
1-2: Fly out, F7 (Line Drive, 7, EV 103.8 MPH)
Bottom of the 4th over - 0 runs, 1 hit, 0 errors, 1 left on base; Virginia Beach 0 - Irving 0
TOP OF THE 5TH
Virginia Beach Whales batting - Pitching for Irving Blue Sox : LHP George Battle
Batting: RHB Dave Thomas 0-0: Ball
1-0: Ball
2-0: SINGLE (Groundball, 6MD, EV 107.5 MPH)
Batting: RHB Paul Pitts 0-0: Sac Bunt to 23 - play at first, batter OUT! 3-4
Dave Thomas to second
Batting: LHB Keith Pick 0-0: Called Strike
0-1: Ball
1-1: Ball
2-1: Ball
3-1: Foul Ball, location: 2F
3-2: Fly out, F8 (Line Drive, 8LM, EV 87.5 MPH)
Batting: LHB Henry Head 0-0: Called Strike
0-1: Called Strike
0-2: Foul Ball, location: 2F
0-2: Foul Ball, location: 2F
0-2: Ball
1-2: Foul Ball, location: 2F
1-2: SINGLE (Line Drive, 9S, EV 99.4 MPH)
Dave Thomas to third
Batting: RHB Lloyd van Grootveld 0-0: Ball
1-0: Called Strike
1-1: Ground out 5-3 (Groundball, 56S, EV 92.5 MPH)
Top of the 5th over - 0 runs, 2 hits, 0 errors, 2 left on base; Virginia Beach 0 - Irving 0
BOTTOM OF THE 5TH
Irving Blue Sox batting - Pitching for Virginia Beach Whales : LHP Sylvain Richard
Batting: RHB Thomas Flyer 0-0: Called Strike
0-1: Ball
1-1: Ball
2-1: Swinging Strike
2-2: Strikes out swinging
Batting: SHB Ignacio Cabrera 0-0: Ball
1-0: Ball
2-0: Called Strike
2-1: Called Strike
2-2: Foul Ball, location: 2F
2-2: Foul Ball, location: 2F
2-2: Foul Ball, location: 2F
2-2: Foul Ball, location: 2F
2-2: Foul Ball, location: 2F
2-2: Foul Ball, location: 2F
2-2: Foul Ball, location: 2F
2-2: Foul Ball, location: 2F
2-2: Ball
3-2: Fly out, F3 (Popup, 3L, EV 61.2 MPH)
Batting: LHB Daniel Page 0-0: Ball
1-0: Called Strike
1-1: Reached on error, E5 (Groundball, 56S, EV 88.1 MPH)
Pitching: RHP Josh Caldwell
Batting: RHB Omar Luoa 0-0: Ground out 5-3 (Groundball, 5L, EV 87.5 MPH)
Bottom of the 5th over - 0 runs, 0 hits, 1 error, 1 left on base; Virginia Beach 0 - Irving 0
TOP OF THE 6TH
Virginia Beach Whales batting - Pitching for Irving Blue Sox : LHP George Battle
Batting: RHB Óscar Cardozo 0-0: Ground out 5-3 (Groundball, 5L, EV 89.4 MPH)
Batting: RHB Juan Oleastro 0-0: Ball
1-0: Called Strike
1-1: Fly out, F8 (Line Drive, 8LM, EV 94.4 MPH)
Batting: RHB Doug Chapman 0-0: Ball
1-0: Ball
2-0: Foul Ball, location: 2F
2-1: Ball
3-1: Base on Balls
Batting: RHB Pat Geldart 0-0: Called Strike
0-1: Fly out, F7 (Flyball, 7S, EV 85.6 MPH)
Top of the 6th over - 0 runs, 0 hits, 0 errors, 1 left on base; Virginia Beach 0 - Irving 0
BOTTOM OF THE 6TH
Irving Blue Sox batting - Pitching for Virginia Beach Whales : RHP Josh Caldwell
Batting: RHB Nick McGhee 0-0: Ball
1-0: Ball
2-0: Fly out, F7 (Flyball, 78D, EV 100.0 MPH)
Batting: RHB Rubén Plumey 0-0: Foul Ball, location: 2F
0-1: SINGLE (Flyball, 89M, EV 87.5 MPH)
Batting: RHB Martín Muńóz 0-0: Ball
1-0: Fielders Choice at 2nd, 6-4 (Groundball, 6, EV 82.5 MPH)
Batting: RHB Gabriel De La Garza 0-0: SINGLE (Line Drive, 78S, EV 103.8 MPH)
Martín Muńóz to second
Batting: SHB Govaart Baars 0-0: Called Strike
0-1: Ground out U3 (Groundball, 3L, EV 87.5 MPH)
Bottom of the 6th over - 0 runs, 2 hits, 0 errors, 2 left on base; Virginia Beach 0 - Irving 0
TOP OF THE 7TH
Virginia Beach Whales batting - Pitching for Irving Blue Sox : LHP George Battle
Batting: RHB Dave Thomas 0-0: Ball
1-0: Ball
2-0: SINGLE (Groundball, 6MD, EV 95.0 MPH)
Batting: RHB Paul Pitts 0-0: Ball
1-0: Ball
2-0: Ball
3-0: Called Strike
3-1: Bunted foul
3-2: Foul Ball, location: 2F
3-2: Strikes out swinging
Dave Thomas is caught stealing 2nd base 2-4
Batter strikes out.
Batting: LHB Keith Pick 0-0: Called Strike
0-1: SINGLE (Line Drive, 89M, EV 101.2 MPH)
Batting: LHB Henry Head 0-0: DOUBLE (Line Drive, 3D, EV 94.4 MPH)
Keith Pick to third
Batting: RHB Lloyd van Grootveld 0-0: Called Strike
0-1: Foul Ball, location: 2F
0-2: Foul Ball, location: 2F
0-2: Ball
1-2: Foul Ball, location: 2F
1-2: Ground out 6-3 (Groundball, 6, EV 80.6 MPH)
Top of the 7th over - 0 runs, 3 hits, 0 errors, 2 left on base; Virginia Beach 0 - Irving 0
BOTTOM OF THE 7TH
Irving Blue Sox batting - Pitching for Virginia Beach Whales : RHP Josh Caldwell
Batting: RHB Thomas Flyer 0-0: Ball
1-0: Ball
2-0: Foul Ball, location: 2F
2-1: Fly out, F9 (Flyball, 9S, EV 74.4 MPH)
Batting: SHB Ignacio Cabrera 0-0: Ball
1-0: Called Strike
1-1: Called Strike
1-2: Fly out, F6 (Flyball, 6D, EV 86.2 MPH)
Batting: LHB Daniel Page 0-0: Called Strike
0-1: Called Strike
0-2: Ball
1-2: SINGLE (Groundball, 56D, EV 102.5 MPH)
Batting: RHB Omar Luoa 0-0: Ball
Daniel Page is caught stealing 2nd base 2-4
Bottom of the 7th over - 0 runs, 1 hit, 0 errors, 0 left on base; Virginia Beach 0 - Irving 0
TOP OF THE 8TH
Virginia Beach Whales batting - Pitching for Irving Blue Sox : LHP George Battle
Batting: RHB Óscar Cardozo 0-0: Fly out, F7 (Flyball, 7, EV 83.1 MPH)
Batting: RHB Juan Oleastro 0-0: Ball
1-0: Ball
2-0: Ball
3-0: Called Strike
3-1: Base on Balls
Pitching: RHP Ed Lake
Batting: RHB Doug Chapman 0-0: Fielders Choice at 2nd, 6-4 (Groundball, 6, EV 101.9 MPH)
Batting: RHB Pat Geldart 0-0: Ball
Doug Chapman is caught stealing 2nd base 2-4
Top of the 8th over - 0 runs, 0 hits, 0 errors, 0 left on base; Virginia Beach 0 - Irving 0
BOTTOM OF THE 8TH
Irving Blue Sox batting - Pitching for Virginia Beach Whales : RHP Josh Caldwell
Batting: RHB Omar Luoa 0-0: SINGLE (Groundball, 56D, EV 104.4 MPH)
Batting: RHB Nick McGhee 0-0: Ball
1-0: Ball
Omar Luoa is caught stealing 2nd base 2-4
2-0: Called Strike
2-1: SOLO HOME RUN (Flyball, 7LD, EV 106.9 MPH), Distance : 353 ft
Batting: RHB Rubén Plumey 0-0: Ball
1-0: Ball
2-0: Called Strike
2-1: Ball
3-1: Called Strike
3-2: DOUBLE (Line Drive, 8RXD, EV 107.5 MPH)
Batting: RHB Martín Muńóz 0-0: Called Strike
0-1: Called Strike
0-2: Foul Ball, location: 2F
0-2: Foul Ball, location: 2F
0-2: Strikes out swinging
Batting: RHB Gabriel De La Garza 0-0: Ball
1-0: Foul Ball, location: 2F
1-1: Foul Ball, location: 2F
1-2: Fly out, F9 (Flyball, 9D, EV 105.0 MPH)
Bottom of the 8th over - 1 run, 3 hits, 0 errors, 1 left on base; Virginia Beach 0 - Irving 1
TOP OF THE 9TH
Virginia Beach Whales batting - Pitching for Irving Blue Sox : RHP Ed Lake
Pitching: LHP Hank Lynn
Now in RF: Rick Newell
Batting: RHB Pat Geldart 0-0: Ball
1-0: Called Strike
1-1: Ball
2-1: Foul Ball, location: 2F
2-2: SINGLE (Groundball, 4D, EV 95.0 MPH)
Batting: RHB Dave Thomas 0-0: Ball
1-0: Fielders Choice at 2nd, 4-6 (Groundball, 34, EV 78.8 MPH)
Batting: RHB Paul Pitts 0-0: Swinging Strike
0-1: Fly out, F9 (Flyball, 9S, EV 81.2 MPH)
Batting: LHB Keith Pick 0-0: Foul Ball, location: 2F
0-1: Foul Ball, location: 2F
0-2: Fly out, F8 (Flyball, 8LM, EV 77.5 MPH)
Top of the 9th over - 0 runs, 1 hit, 0 errors, 1 left on base; Virginia Beach 0 - Irving 1
Tuesday, January 5th, 2021 - OOTP Baseball 20.8 Build 74